 Dungeon Crawl Stone Soup version 0.27-a0-1513-g2aaa0cc67b (webtiles) character file.

Game seed: 2897438505986362471

41 Spaninq the Sneak (level 3, -5/30 HPs)
             Began as a Ghoul Brigand on July 9, 2021.
             Was a Believer of Ru.
             Slain by Terence (7 damage)
             ... on level 3 of the Dungeon.
             The game lasted 00:06:03 (2068 turns).

Spaninq the Sneak (Ghoul Brigand)                   Turns: 2068, Time: 00:06:03

Health: -5/30      AC:  3    Str: 15    XL:     3   Next: 52%
Magic:  2/2        EV: 11    Int:  6    God:    Ru [**....]
Gold:   99         SH:  0    Dex: 10    Spells: 2/2 levels left

rFire    . . .     SeeInvis .     - Unarmed
rCold    + . .     Faith    .   (no shield)
rNeg     + + +     Spirit   .   b - +0 robe
rPois    ∞         Reflect  .   (no helmet)
rElec    .         Harm     .   c - +0 cloak
rCorr    .         Rampage  .   (no gloves)
Will     .....                  (no boots)
Stlth    +++.......             (no amulet)
HPRegen  0.00/turn              (no ring)
MPRegen  0.08/turn              (no ring)

@: no status effects
A: claws 1, cold resistance 1, negative energy resistance 3, inhibited
regeneration, torment resistance 2, hated by all
a: Renounce Religion


You were on level 3 of the Dungeon.
You worshipped Ru.
Ru was pleased with you.
You visited 1 branch of the dungeon, and saw 3 of its levels.

You collected 99 gold pieces.

Inventory:

Hand Weapons
 a - a +2 dagger
Missiles
 d - 23 poisoned darts (quivered)
 e - 2 curare-tipped darts
Armour
 b - a +0 robe (worn)
 c - a +0 cloak (worn)
 r - a +0 buckler
Jewellery
 o - a ring of fire
Scrolls
 g - a scroll of vulnerability {unknown}
 h - 2 scrolls of enchant weapon {unknown}
 i - 2 scrolls of teleportation {unknown}
 k - 2 scrolls of fear {unknown}
 l - a scroll of identify {unknown}
 n - a scroll of holy word {unknown}
 p - a scroll of noise {unknown}
Potions
 f - a potion of might {unknown}
 j - 2 potions of mutation {unknown}
 m - a potion of haste {unknown}
 q - a potion of curing {unknown}


   Skills:
 + Level 2.6 Fighting
 - Level 1.7 Short Blades
 - Level 1.7 Throwing
 - Level 1.4 Dodging
 - Level 4.7 Stealth
 + Level 0.0 Shields
 * Level 2.0 Unarmed Combat


You had 2 spell levels left.
You didn't know any spells.
Your spell library contained the following spells:

 Spells                   Type           Power      Damage    Failure   Level
 Sting                    Tmut/Pois      0%         1d3       45%         1
 Poisonous Vapours        Pois/Air       0%         N/A       58%         2
 Olgreb's Toxic Radiance  Pois           0%         N/A       99%         4


Dungeon Overview and Level Annotations

Branches:
Dungeon (3/15)

Altars:
Ru

Shops:
D:2 ?

Annotations:
D:3 Terence


Innate Abilities, Weirdness & Mutations

You thrive by killing the living.
You are immune to poison.
You have sharp fingernails.
Your flesh is cold resistant. (rC+)
You are immune to negative energy. (rN+++)
You do not regenerate when monsters are visible.
You are immune to unholy pain and torment.
You are hated by all.


Message History

Terence is lightly wounded.
Terence hits you with a +0 falchion!
You scratch Terence but do no damage.
Terence is lightly wounded.
An endoplasm comes into view.
Terence closely misses you.
The endoplasm quivers.
You scratch Terence.
Terence is lightly wounded.
Terence stops glowing.
Terence hits you with a +0 falchion.
You scratch Terence.
Terence is moderately wounded.
Terence hits you with a +0 falchion.
* * * LOW HITPOINT WARNING * * *
You barely miss Terence.
Terence is moderately wounded.
Terence hits you but does no damage.
Okay, then.
Terence misses you.
You closely miss Terence.
Terence is moderately wounded.
Terence completely misses you.
There is a stone staircase leading up here.
You barely miss Terence.
Terence is lightly wounded.
You scratch Terence but do no damage.
Terence is lightly wounded.
Terence barely misses you.
You scratch Terence but do no damage.
Terence is lightly wounded.
Terence hits you with a +0 falchion.
* * * LOW HITPOINT WARNING * * *
You scratch Terence but do no damage.
Terence is lightly wounded.
Terence hits you with a +0 falchion.
* * * LOW HITPOINT WARNING * * *
You scratch Terence but do no damage.
Terence is lightly wounded.
Terence hits you with a +0 falchion!
You die...

#...###.#...#...
#...##...).....
#.#.##..#...#.
...#.....##.##
...###.##.###.#
#.......##.###.###.#.
#.. #.......>........
...#..######............
.......@@......##.#####.
...##.#######..##.# #
#........# ##.##..####
#.###...#..#####>#.
#................?..
#.###...#.#.####..!.
##...###...J....
####.#.####...o


You could see Terence.

Vanquished Creatures
  An adder (D:2)
  2 ball pythons
  2 endoplasms
  A giant cockroach (D:3)
  3 goblins
  3 hobgoblins
  3 jackals (D:1)
  5 kobolds
  2 quokkas
  2 bats (D:1)
  A frilled lizard (D:2)
  3 rats (D:3)
28 creatures vanquished.

Notes
Turn   | Place    | Note
-------+----------+-------------------------------------------
     0 | D:1      | Spaninq the Ghoul Brigand began the quest for the Orb.
     0 | D:1      | Reached XP level 1. HP: 17/17 MP: 0/0
   283 | D:1      | Reached skill level 1 in Dodging
   296 | D:1      | Reached skill level 1 in Unarmed Combat
   296 | D:1      | Reached XP level 2. HP: 17/25 MP: 1/1
  1227 | D:2      | Reached XP level 3. HP: 30/30 MP: 2/2
  1289 | D:2      | Found Fofat Hod's Magic Scroll Emporium.
  1425 | D:2      | Found a faded altar of an unknown god.
  1433 | D:2      | Became a worshipper of Ru the Awakened
  1454 | D:2      | Gained mutation: You are hated by all. [Ru sacrifice]
  1454 | D:2      | Reached * piety under Ru
  1454 | D:2      | Reached ** piety under Ru
  2027 | D:3      | Noticed Terence
  2068 | D:3      | Slain by Terence

Illustrated notes

Levels and vault maps discovered:
D:1:      giann_wishing_wells, layout_loops_ring
D:2:      layout_loops_ring, serial_shops, nicolae_square_shop,
          ebering_ecumenical_altar_ruins
D:3:      layout_loops_ring, chequers_serial_rivers_large_a,
          minmay_misc_feat_more_columns, uniq_terence

Skill      XL: |  1  2  3 |
---------------+----------+-----
Dodging        | 1 |  1.4
Unarmed Combat | 1 2 |  2.0
Fighting       | |  2.6
Short Blades   | |  1.7
Throwing       | |  1.7
Stealth        | |  4.7

Action                   || total
-------------------------++-------
Melee: Dagger            ||    58
       Unarmed           ||    42
       Punch             ||     1
Invok: Sacrifice Love    ||     1
 Stab: Sleeping          ||     9
Armor: Robe              ||    12
Dodge: Dodged            ||    49

Table legend: (Time is in decaauts)
 A = Elapsed time spent in this place.
 B = Non-inter-level travel time spent in this place.
 C = Inter-level travel time spent in this place.
 D = Time resting spent in this place.
 E = Time spent auto-exploring this place.
 F = Levels seen in this place.
 G = Mean time per level.
                   A        B        C        D        E       F      G
               +--------+--------+--------+--------+--------+-----+--------+
         Total |   2057 |   2001 |     56 |    156 |   1519 |   3 |  685.7 |
       Dungeon |   2057 |   2001 |     56 |    156 |   1519 |   3 |  685.7 |
               +--------+--------+--------+--------+--------+-----+--------+

Top non-repeatable levels by time:
     D:1: 999 daAuts
     D:2: 695 daAuts
     D:3: 362 daAuts
